 Dungeon Crawl Stone Soup version 0.31-a0-521-gc7390f8997 (webtiles) character file.

Game seed: 8781979409311894055

5283 Duck the Mimic (level 10, 0/65 HPs)
             Began as a Demonspawn Shapeshifter on Aug 10, 2023.
             Was an Elder of Vehumet.
             Slain by an orc warrior
             ... wielding a +0 battleaxe
              (11 damage)
             ... on level 9 of the Dungeon.
             The game lasted 00:42:43 (8227 turns).

Duck the Mimic (Demonspawn Shapeshifter)            Turns: 8227, Time: 00:42:43

Health: 0/65       AC: 14    Str: 18    XL:     10   Next: 37%
Magic:  15/15      EV: 17    Int:  9    God:    Vehumet [****..]
Gold:   480        SH:  0    Dex: 16    Spells: 14/16 levels left

rFire   . .          .
                       - Unarmed
rCold   . . .        (no shield)
rNeg    . . .        r - +3 leather armour {rPois}
rPois   +            (helmet currently unavailable)
rElec   +            (cloak currently unavailable)
rCorr   .            (gloves currently unavailable)
SInv    .            (boots currently unavailable)
Will    .....        a - amulet of the acrobat
Stlth   +            e - +4 ring of protection
HPRegen 0.30/turn    n - +5 ring of evasion
MPRegen 0.14/turn

%: random rage (3%), acrobat
@: confused, beast-form, studying Ranged Weapons
A: beast (slay +4), thin metallic scales 3, demonic guardian 2, ignite blood 2,
weakness stinger 1, claws 1, berserk 1, mutation resistance 1, wild magic 1
a: Begin Untransformation, Renounce Religion


You were on level 9 of the Dungeon.
You worshipped Vehumet.
Vehumet was greatly pleased with you.
You were a hulking beast.
You visited 1 branch of the dungeon, and saw 9 of its levels.
You also visited: Ossuary.

You collected 480 gold pieces.

Inventory:

Hand Weapons
 s - a +3 quarterstaff of chaos
Armour
 l - a +0 robe
 r - a +3 leather armour of poison resistance (worn)
 t - a +0 cloak
 y - a +1 pair of gloves
 G - the +10 plate armour "Hiffup" {Str+2 Dex+5}
   (You took it off an orc warrior on level 6 of the Dungeon)

   Str+2:     It affects your strength (+2).
   Dex+5:     It affects your dexterity (+5).
Jewellery
 a - an amulet of the acrobat (around neck)
 e - a +4 ring of protection (left claw)
 i - a ring of poison resistance
 n - a +5 ring of evasion (right claw)
 x - an amulet of reflection
Talismans
 c - a beast talisman (active)
 d - a flux talisman
Wands
 u - a wand of charming (7)
 C - a wand of iceblast (9)
 H - a wand of flame (9)
 I - a wand of polymorph (8)
Scrolls
 b - a scroll of acquirement {unknown}
 f - 3 scrolls of teleportation
 g - a scroll of revelation
 h - a scroll of vulnerability
 j - a scroll of silence
 m - a scroll of immolation
 v - 2 scrolls of poison
 w - 2 scrolls of blinking {unknown}
 B - 3 scrolls of noise
 D - a scroll of amnesia {unknown}
 E - a scroll of fog {unknown}
 F - a scroll of enchant armour {unknown}
 J - 3 scrolls of identify
 L - a scroll of butterflies {unknown}
Potions
 k - 3 potions of brilliance
 o - a potion of might
 p - a potion of haste
 z - a potion of magic
 A - a potion of cancellation
 K - a potion of experience {unknown}


   Skills:
 - Level 1.0 Fighting
 - Level 2.1 Armour
 - Level 2.8 Dodging
 + Level 8.1 Unarmed Combat
 - Level 3.6 Spellcasting
 - Level 3.8 Conjurations
 - Level 1.1 Earth Magic
 * Level 9.0 Shapeshifting


You had 14 spell levels left.
You knew the following spells:

 Your Spells              Type           Power      Damage    Failure   Level
a - Sandblast             Erth           8%         2d5       8%          1
b - Shock                 Conj/Air       24%        1d4       6%          1

Your spell library contained the following spells:

 Spells                   Type           Power      Damage    Failure   Level
 Flame Wave               Conj/Fire      6%         2d5       41%         4
 Momentum Strike          Conj/Tloc      12%        3d8       9%          2
 Freeze                   Ice            8%         1d3       13%         1
 Stone Arrow              Conj/Erth      14%        3d7       13%         3
 Hailstorm                Conj/Ice       6%         3d4       16%         3
 Frozen Ramparts          Ice            4%         1d1       32%         3
 Passwall                 Tmut/Erth      2%         N/A       45%         2
 Blink                    Tloc           4%         N/A       54%         2
 Lesser Beckoning         Tloc           4%         N/A       54%         2
 Sublimation of Blood     Necr           2%         N/A       54%         2
 Wereblood                Tmut           2%         N/A       54%         2
 Airstrike                Air            1%         2d(1-17)  67%         4
 Swiftness                Air            2%         N/A       78%         3
 Summon Hydra             Summ           1%         N/A       100%        7


Dungeon Overview and Level Annotations

Branches:
Dungeon (9/15)             Temple (0/1) D:6             Orc (0/2) D:9
Ossuary (visited)
   Lair: D:8-11

Altars:
Ashenzari
Dithmenos
Fedhas
Kikubaaqudgha
Vehumet

Shops:
D:3 [


Innate Abilities, Weirdness & Mutations

You are a hulking beast.
Your limbs bulge with bestial killing power. (Slay +4)
You are completely covered in thin metallic scales. (AC +4, rElec)
A demonic guardian rushes to your aid.
Your demonic aura often causes spilled blood to erupt in flames.
You have a small tail.
You have sharp fingernails.
You sometimes lose your temper in combat.
You are somewhat resistant to further mutation.
Your spells are a little harder to cast, but a little more powerful.


Message History

As you read the scroll of poison, it crumbles to dust.
As you read the scroll labelled MOAKHY US NAHITH, it crumbles to dust.
You assume a fearsome visage.
Nothing appears to happen.
It was a scroll of fear.
You start resting.
You feel your willpower return.
You start resting.
An orc comes into view. It is wielding a +0 dagger.
You scratch the orc warrior but do no damage.
You tail-slap the orc warrior, but do no damage.
You barely miss the orc warrior. You claw the orc warrior!
You claw the orc warrior, but do no damage.
The orc warrior is moderately wounded.
The orc warrior hits you with a +0 battleaxe.
* * * LOW HITPOINT WARNING * * *
A demonic guardian appears!
You closely miss the orc warrior. You tail-slap the orc warrior.
The orc warrior is moderately wounded.
The orc misses you. The orc warrior barely misses you.
You hear some strange, mumbled words.
You are confused. 2 orcs come into view.
The orc shouts!
Your orange demon stings the orc!
The orc dies!
Vehumet accepts your kill. The orc warrior completely misses you.
Something completely misses you.
You barely miss the orc warrior. Your claw misses the orc warrior.
The orc warrior is moderately wounded.
An orc wizard appears from thin air!
Reactivating autopickup.
Your orange demon closely misses the orc warrior.
The orc warrior hits you but does no damage.
The orc wizard hits you but does no damage.
You miss the orc.
Your orange demon barely misses the orc warrior.
The orc barely misses you.
The orc warrior hits you with a +0 battleaxe!
You die...

,,,,,,****,,**,,#...,,,,,,,,,,,,,
,,,,,,**,*,,,,.....##,,,,,,,,,,,*
,,**,,,,,,,,,,.....[*,,,,,*,,,,,*
,***,,,,,,,,,*#....#**,,,,**,,,,,
****,,,,,,,,,,*....# ***,,,,,,,**
* *,,,,,,,,,,,,o.4.## *,,,**,,,,*
***,,,,,,,,,,##)...# **,,**,,,**
**,,,,,**,,,,,#.oo..###.,,,**,,,,
,*,,,,,,*#.,**##h.......,,,,*,*,,
,,,,,,,**..#####o.......,,,**,**,
,,,,,,,,*...#.#.........,,,,,,,,,
,,,,,,,,,...............,,,,**,,,
,,,,,,,,,...#......####.,,,,,,,,,
*,,,,,,,*.#.......## *,,,,,,,,,.
*,,,,,,,,.#.......# **,,,,,,,,*#
,,,,*,,,,.........####..,,,,,,**,
,,,,,,,,,.#.............,**,,,,,,


You could see an orc warrior (ally target), an orc wizard, 2 orcs and a friendly
orange demon (summoned).

Vanquished Creatures
  A hornet (D:8)
  Sigmund (D:6)
  An acid dragon (D:8)
  5 orc warriors
  A black bear (D:8)
  2 ice beasts
  2 sky beasts (D:6)
  2 ogres
  3 centaurs
  2 kobold brigands
  2 bullfrogs
  A gnoll sergeant (D:8)
  4 scorpions (D:5)
  10 wights
  A killer bee (D:8)
  A howler monkey (D:4)
  2 jellies (D:6)
  3 hounds
  4 orc priests
  Terence (D:3)
  Jessica (D:3)
  3 iguanas
  Ijyb (D:3)
  11 orc wizards
  2 sleepcaps
  13 mummies (Ossuary)
  8 adders
  11 gnolls
  2 shadow imps
  2 white imps
  2 ufetubi (D:5)
  A worm (D:2)
  The ghost of wormstring the Sneak, a weakling KoDe (D:6)
  3 dart slugs
  39 orcs
  4 bats
  2 endoplasms
  5 giant cockroaches
  4 goblins
  7 hobgoblins
  9 jackals
  10 kobolds
  A quokka (D:2)
  7 ball pythons
  4 frilled lizards
  2 gnoll skeletons (Ossuary)
  3 goblin skeletons (Ossuary)
  2 kobold skeletons (Ossuary)
  An orc skeleton (Ossuary)
  9 rats
  11 rat skeletons (Ossuary)
230 creatures vanquished.

Vanquished Creatures (collateral kills)
  A boulder beetle (D:7)
  A wraith (D:7)
  A centaur (D:7)
  A wight (D:8)
  2 killer bees (D:8)
  2 orc priests (D:5)
  An iguana (D:7)
  Crazy Yiuf (D:2)
  3 orcs
13 creatures vanquished.

Grand Total: 243 creatures vanquished

Notes
Turn   | Place    | Note
-------+----------+-------------------------------------------
     0 | D:1      | Duck the Demonspawn Shapeshifter began the quest for the
                  | Orb.
     0 | D:1      | Reached XP level 1. HP: 15/15 MP: 1/1
   163 | D:1      | Gained mutation: A weak demonic guardian rushes to your
                  | aid. [demonic ancestry]
   163 | D:1      | Reached XP level 2. HP: 17/21 MP: 2/2
   661 | D:1      | Reached skill level 3 in Shapeshifting
   967 | D:2      | Gained mutation: You are partially covered in thin metallic
                  | scales. (AC +2) [demonic ancestry]
   967 | D:2      | Reached XP level 3. HP: 24/26 MP: 3/3
  1467 | D:2      | Found a runed translucent door.
  1468 | D:2      | Noticed Crazy Yiuf
  1478 | D:2      | Killed Crazy Yiuf
  1479 | D:2      | Gained mutation: Your demonic aura sometimes causes spilled
                  | blood to erupt in flames. [demonic ancestry]
  1479 | D:2      | Reached XP level 4. HP: 19/32 MP: 1/4
  1555 | D:3      | Noticed Jessica
  1628 | D:3      | Killed Jessica
  1629 | D:3      | Gained mutation: You have a small tail. [demonic ancestry]
  1629 | D:3      | Reached XP level 5. HP: 37/37 MP: 5/5
  1630 | D:3      | Noticed Ijyb
  1667 | D:3      | Killed Ijyb
  1712 | D:3      | Found a radiant altar of Vehumet.
  1824 | D:3      | Found Ikkinawn's Antique Armour Shoppe.
  1864 | D:3      | Became a worshipper of Vehumet
  1870 | D:3      | Learned a level 1 spell: Sandblast
  2233 | D:3      | Noticed Terence
  2253 | D:3      | Killed Terence
  2254 | D:3      | Reached skill level 4 in Shapeshifting
  2254 | D:3      | Gained mutation: You are mostly covered in thin metallic
                  | scales. (AC +3) [demonic ancestry]
  2254 | D:3      | Reached XP level 6. HP: 40/43 MP: 4/6
  2545 | D:4      | Found an ancient bone altar of Kikubaaqudgha.
  2687 | D:4      | Reached skill level 1 in Spellcasting
  2687 | D:4      | Reached skill level 1 in Earth Magic
  2737 | D:4      | Found a sand-covered staircase.
  2756 | Ossuary  | Entered an ossuary
  2828 | Ossuary  | Reached * piety under Vehumet
  2828 | Ossuary  | Offered knowledge of Shock by Vehumet.
  2831 | Ossuary  | Learned a level 1 spell: Shock
  3053 | Ossuary  | Gained mutation: You have a pair of small horns on your
                  | head. [potion of mutation]
  3053 | Ossuary  | Gained mutation: You are somewhat resistant to further
                  | mutation. [potion of mutation]
  3077 | Ossuary  | Reached skill level 1 in Conjurations
  3077 | Ossuary  | Gained mutation: A demonic guardian rushes to your aid.
                  | [demonic ancestry]
  3077 | Ossuary  | Reached XP level 7. HP: 48/48 MP: 9/9
  3482 | D:5      | Entered Level 5 of the Dungeon
  3912 | D:5      | Reached ** piety under Vehumet
  3917 | D:5      | Reached skill level 5 in Unarmed Combat
  4030 | D:5      | Offered knowledge of Freeze by Vehumet.
  4105 | D:5      | Reached skill level 5 in Shapeshifting
  4347 | D:5      | Reached XP level 8. HP: 54/54 MP: 8/11
  4512 | D:5      | Found a broken altar of Ashenzari.
  4832 | D:6      | Found a staircase to the Ecumenical Temple.
  5252 | D:6      | Noticed Sigmund
  5263 | D:6      | Killed Sigmund
  5315 | D:6      | Found a runed translucent gate.
  5315 | D:6      | Noticed wormstring's ghost (weakling KoDe)
  5316 | D:6      | Found a runed translucent gate.
  5317 | D:6      | Found a runed translucent gate.
  5319 | D:6      | Identified the +10 plate armour "Hiffup" {Str+2 Dex+5}
  5355 | D:6      | Reached skill level 6 in Shapeshifting
  5358 | D:6      | Killed wormstring's ghost
  5584 | D:6      | Offered knowledge of Ignite Poison by Vehumet.
  5585 | D:6      | Reached skill level 1 in Armour
  5606 | D:6      | Gained mutation: Your demonic aura often causes spilled
                  | blood to erupt in flames. [demonic ancestry]
  5606 | D:6      | Reached XP level 9. HP: 59/59 MP: 14/14
  6082 | D:7      | Noticed a boulder beetle
  6352 | D:7      | Killed a boulder beetle
  6353 | D:7      | Reached skill level 7 in Shapeshifting
  6656 | D:7      | Identified the +1 trident "Transmigrator" {venom, Contam
                  | Drain rC+++ MP+9}
  6678 | D:7      | Found a shadowy altar of Dithmenos.
  6701 | D:7      | Reached *** piety under Vehumet
  6808 | D:7      | Offered knowledge of Dazzling Flash by Vehumet.
  7252 | D:8      | Noticed a meliai
  7252 | D:8      | Noticed a five-headed hydra
  7252 | D:8      | Noticed a green ugly thing
  7252 | D:8      | Noticed a boulder beetle
  7252 | D:8      | Noticed a boulder beetle
  7252 | D:8      | Noticed a skeletal warrior
  7254 | D:8      | Noticed a centaur warrior
  7254 | D:8      | Noticed a cyclops
  7254 | D:8      | Noticed a cyclops
  7273 | D:8      | Reached skill level 8 in Shapeshifting
  7397 | D:8      | Gained mutation: You are completely covered in thin
                  | metallic scales. (AC +4, rElec) [demonic ancestry]
  7397 | D:8      | Reached XP level 10. HP: 41/65 MP: 15/15
  7682 | D:8      | Found a blossoming altar of Fedhas.
  8021 | D:9      | Reached **** piety under Vehumet
  8075 | D:9      | Offered knowledge of Flame Wave by Vehumet.
  8175 | D:9      | HP: 2/65 [orc priest/divine providence (9)]
  8176 | D:9      | Reached skill level 9 in Shapeshifting
  8199 | D:9      | Lost mutation: You are somewhat resistant to further
                  | mutation. [potion of mutation]
  8199 | D:9      | Lost mutation: You have a pair of small horns on your head.
                  | [potion of mutation]
  8199 | D:9      | Gained mutation: You have sharp fingernails. [potion of
                  | mutation]
  8199 | D:9      | Gained mutation: Your spells are a little harder to cast,
                  | but a little more powerful. [potion of mutation]
  8199 | D:9      | Gained mutation: You sometimes lose your temper in combat.
                  | [potion of mutation]
  8199 | D:9      | Gained mutation: You are somewhat resistant to further
                  | mutation. [potion of mutation]
  8227 | D:9      | Slain by an orc warrior

Illustrated notes

Levels and vault maps discovered:
D:1:      matt_arrival_refuge, layout_loops_cross
D:2:      layout_basic, st_stairs_10, minmay_ruptured, uniq_crazy_yiuf_cottage
D:3:      layout_loops_cross, mainiacjoe_overflow_six_doors_small, serial_shops,
          shop, uniq_ijyb, uniq_jessica, uniq_terence
D:4:      layout_rooms, nicolae_kikubaaqudgha_miasma_corner,
          nicolae_ossuary_entry_false_entrances
D:5:      layout_layer_cave, mainiacjoe_overflow_brackets,
          kennysheep_pointless_box, lemuel_flamethrower_2
D:6:      layout_gridville, minmay_temple_entry_stoned_glass,
          biasface_ghost_orc_armoury, minmay_manual_maat, uniq_sigmund
D:7:      layout_basic, nicolae_dithmenos_through_a_glass_darkly,
          minmay_stone_trees_small
D:8:      layout_basic, lemuel_round_altar, grunt_decor_one_mirror, minivault_12
D:9:      layout_cave_pools, david_orc_4

Skill      XL: |  1  2  3  4  5  6  7  8  9 10 |
---------------+-------------------------------+-----
Dodging        | 2 |  2.8
Unarmed Combat | 3 4 5 6 7 8 |  8.1
Shapeshifting  | 3 4 5 6 8 9 |  9.0
Spellcasting   | 1 2 3 |  3.6
Earth Magic    | 1 |  1.1
Conjurations   | 1 3 |  3.8
Armour         | 1 2 |  2.1
Fighting       | |  1.0

Action                     |  1- 3 |  4- 6 |  7- 9 | 10-12 || total
---------------------------+-------+-------+-------+-------++-------
  Melee: Unarmed           |   123 |   198 |   283 |    83 ||   687
         Punch             |     1 |     4 |     9 |     3 ||    17
         Tailslap          |       |    29 |    37 |    13 ||    79
         Headbutt          |       |     1 |    71 |    14 ||    86
   Cast: Sandblast         |       |    12 |       |       ||    12
         Shock             |       |     7 |    34 |    11 ||    52
  Evoke: Wand              |       |       |     6 |     3 ||     9
    Use: Scroll            |     3 |     4 |     6 |     7 ||    20
         Potion            |       |     1 |     8 |     1 ||    10
   Stab: Distracted        |       |       |     3 |       ||     3
 Armour: Animal skin       |     4 |       |       |       ||     4
         Robe              |    21 |       |       |       ||    21
         Leather armour    |       |    36 |    42 |    33 ||   111
         Skin              |       |       |    42 |       ||    42
         Plate armour      |       |       |    16 |       ||    16
  Dodge: Dodged            |   118 |   138 |   214 |   102 ||   572
   Form: Beast             |       |       |     1 |       ||     1
         Flux              |       |       |     1 |       ||     1

Table legend: (Time is in decaauts)
 A = Elapsed time spent in this place.
 B = Non-inter-level travel time spent in this place.
 C = Inter-level travel time spent in this place.
 D = Time resting spent in this place.
 E = Time spent auto-exploring this place.
 F = Levels seen in this place.
 G = Mean time per level.
                   A        B        C        D        E       F      G
               +--------+--------+--------+--------+--------+-----+--------+
         Total |   8164 |   7875 |    289 |   1056 |   4680 |  10 |  816.4 |
       Dungeon |   7658 |   7369 |    289 |   1056 |   4404 |   9 |  850.9 |
       Ossuary |    506 |    506 |      0 |      0 |    276 |   1 |  506.0 |
               +--------+--------+--------+--------+--------+-----+--------+

Top non-repeatable levels by time:
     D:5: 1332 daAuts
     D:6: 1295 daAuts
     D:7: 950 daAuts
     D:8: 924 daAuts
     D:3: 884 daAuts
     D:1: 879 daAuts
     D:2: 712 daAuts
 Ossuary: 506 daAuts
     D:4: 477 daAuts
     D:9: 202 daAuts
